 Dungeon Crawl Stone Soup version 0.31-a0-431-g88bdf31460 (webtiles) character file.

Game seed: 10392956462644966806

2282 GloriousHammer the Arsonist (level 9, -3/52 HPs)
             Began as a Tengu Fire Elementalist on July 31, 2023.
             Succumbed to a water moccasin's poison
             ... on level 6 of the Dungeon.
             The game lasted 00:14:52 (8230 turns).

GloriousHammer the Arsonist (TeFE)                  Turns: 8230, Time: 00:14:53

Health: -3/52      AC:  5    Str:  8    XL:     9   Next: 39%
Magic:  17/18      EV: 16    Int: 19    God:
Gold:   298        SH:  0    Dex: 16    Spells: 5/19 levels left

rFire   . . .        g - +1 short sword (venom)
rCold   + . .        (no shield)
rNeg    + . .        x - +0 robe {rN+}
rPois   .            (helmet restricted)
rElec   .            n - +0 cloak
rCorr   .            (no gloves)
SInv    .            (boots unavailable)
Will    .....        (no amulet)
Stlth   +++          C - ring of protection from cold
HPRegen 0.28/turn    (no ring)
MPRegen 0.16/turn

%: no passive effects
@: mighty, lethally poisoned (-3 -> -19), flying quickly and evasively, quick
A: beak, talons 3, nimble flight, iridescent scales 1, deterioration 1, robust
1, wild magic 1
a: no special abilities


You were on level 6 of the Dungeon.
You visited 1 branch of the dungeon, and saw 6 of its levels.

You collected 298 gold pieces.

Inventory:

Hand Weapons
 c - a +0 spear
 g - a +1 short sword of venom (weapon)
 k - a +1 sling of freezing
Missiles
 q - 11 poisoned darts (quivered)
Armour
 n - a +0 cloak (worn)
 x - a +0 robe of positive energy (worn)
Jewellery
 f - an amulet of guardian spirit
 C - a ring of protection from cold (left hand)
Wands
 t - a wand of roots (8)
 w - a wand of charming (5)
 y - a wand of flame (17)
Scrolls
 a - a scroll of teleportation {unknown}
 e - a scroll of brand weapon
 p - a scroll of silence
 r - a scroll of enchant weapon {unknown}
 u - a scroll of vulnerability
 v - a scroll of fog {unknown}
 z - a scroll of noise {unknown}
 A - a scroll of blinking {unknown}
Potions
 d - a potion of enlightenment {unknown}
 h - a potion of brilliance
 i - a potion of haste {unknown}
 l - a potion of ambrosia {unknown}
 o - a potion of lignification {unknown}
 s - a potion of resistance {unknown}
 B - a potion of might
 D - a potion of heal wounds {unknown}


   Skills:
 + Level 2.2 Fighting
 + Level 4.0 Dodging
 + Level 3.8 Stealth
 + Level 5.8 Spellcasting
 - Level 3.0 Conjurations
 - Level 3.0 Hexes
 - Level 3.0 Translocations
 - Level 8.0 Fire Magic
 + Level 3.0 Air Magic


You had 5 spell levels left.
You knew the following spells:

 Your Spells              Type           Power      Damage    Failure   Level
a - Foxfire               Conj/Fire      100%       2x1d9     2%          1
b - Scorch                Fire           92%        2d8       1%          2
c - Inner Flame           Hex/Fire       34%        N/A       6%          3
d - Volatile Blastmotes   Fire/Tloc      68%        2d15      6%          3
e - Arcjolt               Conj/Air       11%        1d21      75%         5

Your spell library contained the following spells:

 Spells                   Type           Power      Damage    Failure   Level
 Poisonous Vapours        Pois/Air       28%        N/A       14%         2
 Vhi's Electric Charge    Tloc/Air       44%        N/A       14%         3
 Sting                    Tmut/Pois      28%        1d4       17%         1
 Flame Wave               Conj/Fire      34%        2d10      17%         4
 Ozocubu's Armour         Ice            7%         N/A       43%         3
 Olgreb's Toxic Radiance  Pois           7%         N/A       82%         4
 Plasma Beam              Fire/Air       17%        2x1d28    92%         6
 Starburst                Conj/Fire      17%        6d6       92%         6
 Ozocubu's Refrigeration  Ice            3%         4d8       100%        7


Dungeon Overview and Level Annotations

Branches:
Dungeon (6/15)
 Temple: D:4-7

Altars:
Kikubaaqudgha

Shops:
D:3 [   D:5 :

Annotations:
D:2 Terence
D:4 3 runed translucent doors, exclusion: downstairs, randomguy2701's ghost, amateur MiFi
D:5 exclusion: 2 downstairs
D:6 Dowan; Duvessa


Innate Abilities, Weirdness & Mutations

You have a beak for a mouth.
You have claws for feet.
Your magical nature lets you fly swiftly and evasively.
You are partially covered in iridescent scales. (AC +2)
Your body sometimes deteriorates upon taking damage.
You are robust. (+10% HP)
Your spells are a little harder to cast, but a little more powerful.


Message History

A water moccasin comes into view.
Casting: Scorch (safe; 1% risk of failure)
Confirm with . or Enter, or press ? or * to list all spells.
Flames lash the orc wizard.
The orc wizard is burned terribly!
You kill the orc wizard!
Your Dodging skill increases to level 4!
Casting: Scorch (safe; 1% risk of failure)
Confirm with . or Enter, or press ? or * to list all spells.
A cloud of volatile blastmotes flares up around you!
Found Ozocubu's Autobiography.
Casting: Volatile Blastmotes (dangerous; 3% risk of failure)
Confirm with . or Enter, or press ? or * to list all spells.
You don't have enough magic to cast this spell.
Unknown command.
An orc comes into view. It is wielding a +0 falchion.
Casting: Volatile Blastmotes (dangerous; 3% risk of failure)
Confirm with . or Enter, or press ? or * to list all spells.
You conjure some foxfire!
The orc shouts!
The cloud of blastmotes explodes!
The concussive blast engulfs the water moccasin!
The water moccasin is heavily wounded.
You hear a shout!
Casting: Foxfire (safe; 1% risk of failure)
Confirm with . or Enter, or press ? or * to list all spells.
You don't have enough magic to cast this spell.
Casting: Foxfire (safe; 1% risk of failure)
Confirm with . or Enter, or press ? or * to list all spells.
You miscast Foxfire.
You are very lightly contaminated with residual magic.
Nothing appears to happen.
The foxfire hits the water moccasin but does no damage.
The water moccasin is heavily wounded.
The foxfire hits the water moccasin.
The water moccasin is heavily wounded.
You closely miss the water moccasin. You claw the water moccasin.
Your peck misses the water moccasin.
The water moccasin is severely wounded.
The water moccasin misses you. The water moccasin barely misses you.
You barely miss the water moccasin.
You claw the water moccasin, but do no damage.
You peck the water moccasin.
The water moccasin is severely wounded.
The water moccasin completely misses you.
A hound comes into view.
The hound barks!
You hit the water moccasin. Your kick misses the water moccasin.
The water moccasin is almost dead.
The water moccasin bites you.
You are poisoned.
The water moccasin poisons you! The orc misses you.
You feel very sick. The water moccasin bites you.
The water moccasin misses you.
You hit the water moccasin. Your peck misses the water moccasin.
The water moccasin is almost dead.
You feel sick. The water moccasin bites you. The orc barely misses you.
Unknown command.
You barely miss the water moccasin. Your kick misses the water moccasin.
The water moccasin is almost dead.
You feel very sick.
The water moccasin completely misses you.
The orc hits you with a +0 falchion.
* * * LOW HITPOINT WARNING * * *
Your magical contamination has completely faded away.
You feel sick. The water moccasin misses you.
You feel sick.
Casting: Foxfire (safe; 1% risk of failure)
Confirm with . or Enter, or press ? or * to list all spells.
Okay, then.
You feel better. The water moccasin bites you.
You are poisoned.
The water moccasin poisons you! The hound barely misses you.
Magic courses through your body.
* * * LOW HITPOINT WARNING * * *
You feel very sick. The water moccasin barely misses you.
The hound bites you but does no damage. The water moccasin bites you.
* * * LOW HITPOINT WARNING * * *
You are more poisoned.
The water moccasin poisons you!
Casting: Foxfire (safe; 1% risk of failure)
Confirm with . or Enter, or press ? or * to list all spells.
Flames lash the hound.
The hound is lightly wounded.
The hound's fire resistance burns away.
* * * LOW HITPOINT WARNING * * *
You feel very sick. The hound barely misses you.
The water moccasin bites you but does no damage.
The hound completely misses you.
It was a potion of might.
You feel very mighty all of a sudden.
* * * LOW HITPOINT WARNING * * *
You feel very sick. The hound bites you but does no damage.
The water moccasin barely misses you.
It was a potion of mutation.
You feel extremely strange.
You feel yourself wasting away.
Iridescent scales grow over part of your body.
You feel less in control of your magic.
You feel robust.
You die...

#.........##.#.....##
#....<###.........
#......>.......... #
#.#...............
.##.###.#..........)....
.:..........)...........
...........##....?......
......##.S###...####....
....$# #.h@..>#.# #..
...## ##.....### ##
#######


You could see a water moccasin and a hound (combustible).

Vanquished Creatures
  Pikel (D:4)
  An unseen horror (D:6)
  A water moccasin (D:5)
  An ice beast (D:5)
  An orc warrior (D:6)
  A sky beast (D:5)
  A centaur (D:5)
  3 lemures (D:4)
  A kobold brigand (D:6)
  A bullfrog (D:5)
  A gnoll sergeant (D:4)
  2 scorpions
  3 hounds
  3 jellies
  2 orc priests (D:5)
  2 gnoll boudas (D:5)
  2 iguanas
  2 orc wizards
  11 gnolls
  14 adders
  2 shadow imps
  2 worms
  4 dart slugs
  10 orcs
  6 ball pythons
  6 endoplasms
  6 giant cockroaches
  5 goblins
  7 hobgoblins
  7 jackals
  7 quokkas
  3 bats (D:2)
  3 frilled lizards
  14 kobolds
  5 rats
141 creatures vanquished.

Vanquished Creatures (others)
  510 foxfires
510 creatures vanquished.

Grand Total: 651 creatures vanquished

Notes
Turn   | Place    | Note
-------+----------+-------------------------------------------
     0 | D:1      | GloriousHammer the Tengu Fire Elementalist began the quest
                  | for the Orb.
     0 | D:1      | Reached XP level 1. HP: 10/10 MP: 4/4
   137 | D:1      | Reached XP level 2. HP: 10/15 MP: 0/6
  1121 | D:1      | Reached XP level 3. HP: 19/19 MP: 0/7
  1837 | D:2      | Noticed Terence
  2272 | D:2      | Reached XP level 4. HP: 24/24 MP: 4/8
  2454 | D:2      | Learned a level 2 spell: Scorch
  2458 | D:2      | Learned a level 3 spell: Inner Flame
  2908 | D:3      | Reached skill level 4 in Fire Magic
  3276 | D:3      | Gained mutation: Your magical nature lets you fly swiftly
                  | and evasively. [Tengu growth]
  3276 | D:3      | Reached XP level 5. HP: 28/28 MP: 5/10
  3394 | D:3      | Found Munyquz's Armour Emporium.
  3563 | D:3      | Learned a level 3 spell: Volatile Blastmotes
  3955 | D:4      | Reached XP level 6. HP: 32/32 MP: 7/11
  4154 | D:4      | Reached skill level 5 in Fire Magic
  4355 | D:4      | Reached skill level 1 in Translocations
  4645 | D:4      | Found a runed translucent gate.
  4646 | D:4      | Found a runed translucent gate.
  4653 | D:4      | Reached skill level 1 in Hexes
  4710 | D:4      | Found a runed translucent gate.
  4711 | D:4      | Noticed randomguy2701's ghost (amateur MiFi)
  5171 | D:4      | Reached XP level 7. HP: 36/36 MP: 9/13
  5210 | D:4      | Noticed Pikel
  5517 | D:4      | Killed Pikel
  5518 | D:4      | Reached skill level 6 in Fire Magic
  5518 | D:4      | Reached XP level 8. HP: 41/41 MP: 6/15
  5731 | D:5      | Entered Level 5 of the Dungeon
  5749 | D:5      | Reached skill level 7 in Fire Magic
  6751 | D:5      | Found an ancient bone altar of Kikubaaqudgha.
  6985 | D:5      | Found Giuptido's Book Shoppe.
  7064 | D:5      | Reached skill level 5 in Spellcasting
  7064 | D:5      | Reached skill level 8 in Fire Magic
  7458 | D:5      | Learned a level 5 spell: Arcjolt
  7635 | D:6      | Noticed Duvessa
  7635 | D:6      | Noticed Dowan
  7662 | D:5      | Reached skill level 1 in Fighting
  7662 | D:5      | Reached skill level 1 in Air Magic
  7662 | D:5      | Reached XP level 9. HP: 20/47 MP: 10/18
  8003 | D:6      | Killed an unseen horror
  8229 | D:6      | HP: 1/48 [poisoned by a water moccasin]
  8230 | D:6      | Gained mutation: Your body sometimes deteriorates upon
                  | taking damage. [potion of mutation]
  8230 | D:6      | Gained mutation: You are partially covered in iridescent
                  | scales. (AC +2) [potion of mutation]
  8230 | D:6      | Gained mutation: Your spells are a little harder to cast,
                  | but a little more powerful. [potion of mutation]
  8230 | D:6      | Gained mutation: You are robust. (+10% HP) [potion of
                  | mutation]
  8230 | D:6      | Succumbed to a water moccasin's poison

Illustrated notes

Levels and vault maps discovered:
D:1:      dpeg_arrival_circle_labyrinth_c, layout_loops_ring, corner_web_ring,
          minivault_23, minmay_splitting_lines, minmay_misc_feat_doors
D:2:      layout_rooms, minmay_goblin_outpost, uniq_terence,
          uniq_crazy_yiuf_cottage
D:3:      layout_rooms, serial_shops, nicolae_shop_window_shopping
D:4:      layout_loops_corners, gammafunk_ghost_split, uniq_pikel
D:5:      layout_gridville, mainiacjoe_overflow_surrounded_room, serial_shops,
          shop, nicolae_half_adder
D:6:      layout_cave_pools, temple_doors_e, nicolae_elemental_shop,
          uniq_duvessa

Skill      XL: |  1  2  3  4  5  6  7  8  9 |
---------------+----------------------------+-----
Conjurations   | 2 3 |  3.0
Fire Magic     | 4 5 6 8 |  8.0
Spellcasting   | 3 4 5 |  5.8
Translocations | 1 2 3 |  3.0
Hexes          | 1 2 3 |  3.0
Dodging        | 3 4 |  4.0
Fighting       | 1 2 |  2.2
Stealth        | 3 |  3.8
Air Magic      | 1 3 |  3.0

Action                     |  1- 3 |  4- 6 |  7- 9 || total
---------------------------+-------+-------+-------++-------
  Melee: Short sword       |     9 |     9 |    19 ||    37
         Peck              |     3 |     1 |     3 ||     7
         Kick              |     1 |     2 |     6 ||     9
         Punch             |       |       |     1 ||     1
  Throw: Dart              |       |     1 |       ||     1
   Cast: Foxfire           |    82 |   122 |   130 ||   334
         Scorch            |       |    14 |    35 ||    49
         Volatile Blastmot |       |       |     8 ||     8
         Inner Flame       |       |       |     3 ||     3
    Use: Potion            |       |       |     6 ||     6
         Scroll            |       |       |     4 ||     4
 Armour: Robe              |     2 |     4 |    10 ||    16
  Dodge: Dodged            |    18 |    13 |    39 ||    70

Table legend: (Time is in decaauts)
 A = Elapsed time spent in this place.
 B = Non-inter-level travel time spent in this place.
 C = Inter-level travel time spent in this place.
 D = Time resting spent in this place.
 E = Time spent auto-exploring this place.
 F = Levels seen in this place.
 G = Mean time per level.
                   A        B        C        D        E       F      G
               +--------+--------+--------+--------+--------+-----+--------+
         Total |   8011 |   7531 |    480 |   1685 |   4569 |   6 | 1335.2 |
       Dungeon |   8011 |   7531 |    480 |   1685 |   4569 |   6 | 1335.2 |
               +--------+--------+--------+--------+--------+-----+--------+

Top non-repeatable levels by time:
     D:4: 2378 daAuts
     D:1: 1768 daAuts
     D:5: 1735 daAuts
     D:2: 1099 daAuts
     D:3: 693 daAuts
     D:6: 336 daAuts
